TOP OF THE 1ST |
Detroit Dirty Snow batting - Pitching for Montgomery Grey Sox : LHP Raúl Coranillo
|
Pitching: LHP Raúl Coranillo
|
|
Batting: RHB Kelsey Scott
|
0-0: Ball 1-0: Swinging Strike 1-1: Foul Ball, location: 2F 1-2: Ball 2-2: Ball 3-2: Strikes out looking
|
Batting: RHB Carlos Salas
|
0-0: Foul Ball, location: 2F 0-1: Ball 1-1: Called Strike 1-2: Strikes out looking
|
Batting: RHB Paul Liddle
|
0-0: Ball 1-0: Ball 2-0: Ball 3-0: Called Strike 3-1: Swinging Strike 3-2: Base on Balls
|
Batting: RHB Carlos Rocha
|
0-0: SINGLE (Flyball, 8LS) Paul Liddle to second Runner from 2nd tries for 3rd, SAFE, throw made to third Carlos Rocha to second
|
Batting: RHB Arturo Jiménez
|
0-0: Called Strike 0-1: SINGLE (Line Drive, 6M) Paul Liddle scores Carlos Rocha to third Runner from 3rd tries for Home, SAFE, no throw
|
Batting: RHB Charlie O'Farrell
|
0-0: Ball 1-0: Called Strike 1-1: Ball 2-1: Ball 3-1: Base on Balls Arturo Jiménez to second
|
Batting: SHB Alan Garland
|
0-0: Foul Ball, location: 2F 0-1: Called Strike 0-2: Strikes out looking
|
Top of the 1st over - 2 run(s), 2 hit(s), 0 error(s), 2 left on base; Detroit 2 - Montgomery 0 |
BOTTOM OF THE 1ST |
Montgomery Grey Sox batting - Pitching for Detroit Dirty Snow : LHP Brian Gunther
|
Pitching: LHP Brian Gunther
|
|
Batting: RHB Luis Pineda
|
0-0: Called Strike 0-1: Ball 1-1: Foul Ball, location: 2F 1-2: Fly out, F6 (Popup, 6MS)
|
Batting: RHB Reinaldo Amarante
|
0-0: DOUBLE (Line Drive, 8LXD) - OUT at third base trying to stretch hit.
|
Batting: RHB Dean Bailey
|
0-0: Fly out, F1 (Line Drive, 13)
|
Bottom of the 1st over - 0 run(s), 1 hit(s), 0 error(s), 0 left on base; Detroit 2 - Montgomery 0 |
TOP OF THE 2ND |
Detroit Dirty Snow batting - Pitching for Montgomery Grey Sox : LHP Raúl Coranillo
|
Batting: RHB Jorge López
|
0-0: DOUBLE (Line Drive, 89S)
|
Batting: RHB Phil Wright
|
0-0: Ball 1-0: Foul Ball, location: 2F 1-1: Ball 2-1: Foul Ball, location: 2F 2-2: Ball 3-2: Base on Balls
|
Batting: RHB Kelsey Scott
|
0-0: Called Strike 0-1: Foul Ball, location: 2F 0-2: Ball 1-2: Ball 2-2: Strikes out swinging
|
Batting: RHB Carlos Salas
|
0-0: Called Strike 0-1: Ball 1-1: Swinging Strike 1-2: Ball 2-2: Ball 3-2: Foul Ball, location: 2F 3-2: Foul Ball, location: 2F 3-2: Grounds into double play, 5-4-3 (Groundball, 5)
|
Top of the 2nd over - 0 run(s), 1 hit(s), 0 error(s), 1 left on base; Detroit 2 - Montgomery 0 |
BOTTOM OF THE 2ND |
Montgomery Grey Sox batting - Pitching for Detroit Dirty Snow : LHP Brian Gunther
|
Batting: SHB Joe Pierce
|
0-0: Ball 1-0: Ball 2-0: Ground out 1-3 (Groundball, 15)
|
Batting: SHB Hoyt Norris
|
0-0: Ball 1-0: Ball 2-0: Foul Ball, location: 2F 2-1: Swinging Strike 2-2: Foul Ball, location: 2F 2-2: Ball 3-2: Fly out, F8 (Flyball, 89M)
|
Batting: RHB Lawrence Davidson
|
0-0: SINGLE (Flyball, 78S)
|
Batting: LHB Amlak Saitoti
|
0-0: Ball 1-0: Ball 2-0: Called Strike 2-1: SINGLE (Groundball, 2L) (infield hit) Lawrence Davidson to second
|
Batting: RHB Bradley Burns
|
0-0: Called Strike 0-1: Foul Ball, location: 2F 0-2: Ball 1-2: Ball 2-2: Fly out, F5 (Popup, 5L)
|
Bottom of the 2nd over - 0 run(s), 2 hit(s), 0 error(s), 2 left on base; Detroit 2 - Montgomery 0 |
TOP OF THE 3RD |
Detroit Dirty Snow batting - Pitching for Montgomery Grey Sox : LHP Raúl Coranillo
|
Batting: RHB Paul Liddle
|
0-0: Called Strike 0-1: Fly out, F9 (Flyball, 89M)
|
Batting: RHB Carlos Rocha
|
0-0: Ball 1-0: SINGLE (Line Drive, 56D)
|
Batting: RHB Arturo Jiménez
|
0-0: Fly out, F3 (Line Drive, 34)
|
Batting: RHB Charlie O'Farrell
|
0-0: Ball 1-0: Called Strike 1-1: Swinging Strike 1-2: Reached on error, E5 (Groundball, 56S) Carlos Rocha to second
|
Batting: SHB Alan Garland
|
0-0: Fly out, F8 (Flyball, 8LD)
|
Top of the 3rd over - 0 run(s), 1 hit(s), 1 error(s), 2 left on base; Detroit 2 - Montgomery 0 |
BOTTOM OF THE 3RD |
Montgomery Grey Sox batting - Pitching for Detroit Dirty Snow : LHP Brian Gunther
|
Batting: SHB Kenneth Cruz
|
0-0: Ball 1-0: Ball 2-0: Ball 3-0: Base on Balls
|
Batting: RHB Luis Pineda
|
0-0: Ball 1-0: Swinging Strike 1-1: Foul Ball, location: 2F 1-2: Ball 2-2: Strikes out looking
|
Batting: RHB Reinaldo Amarante
|
0-0: Called Strike 0-1: Ball 1-1: Called Strike 1-2: Ball 2-2: Fly out, F8 (Line Drive, 8LM)
|
Batting: RHB Dean Bailey
|
0-0: Called Strike 0-1: Fielders Choice at 2nd, 5-4 (Groundball, 56)
|
Bottom of the 3rd over - 0 run(s), 0 hit(s), 0 error(s), 0 left on base; Detroit 2 - Montgomery 0 |
TOP OF THE 4TH |
Detroit Dirty Snow batting - Pitching for Montgomery Grey Sox : LHP Raúl Coranillo
|
Batting: RHB Jorge López
|
0-0: Ball 1-0: Ball 2-0: Called Strike 2-1: Foul Ball, location: 2F 2-2: Strikes out looking
|
Batting: RHB Phil Wright
|
0-0: Called Strike 0-1: Called Strike 0-2: Fly out, F8 (Line Drive, 8LM)
|
Batting: RHB Kelsey Scott
|
0-0: DOUBLE (Line Drive, 89XD)
|
Batting: RHB Carlos Salas
|
0-0: Swinging Strike 0-1: Called Strike 0-2: Foul Ball, location: 2F 0-2: Foul Ball, location: 2F 0-2: Strikes out swinging
|
Top of the 4th over - 0 run(s), 1 hit(s), 0 error(s), 1 left on base; Detroit 2 - Montgomery 0 |
BOTTOM OF THE 4TH |
Montgomery Grey Sox batting - Pitching for Detroit Dirty Snow : LHP Brian Gunther
|
Batting: SHB Joe Pierce
|
0-0: Ball 1-0: Called Strike 1-1: Fly out, F7 (Flyball, 7)
|
Batting: SHB Hoyt Norris
|
0-0: Called Strike 0-1: Ball 1-1: SINGLE (Line Drive, 4MD)
|
Batting: RHB Lawrence Davidson
|
0-0: Ball 1-0: Ball 2-0: Ball 3-0: Called Strike 3-1: Called Strike 3-2: Foul Ball, location: 2F 3-2: Strikes out swinging
|
Batting: LHB Amlak Saitoti
|
0-0: Swinging Strike 0-1: Foul Ball, location: 2F 0-2: Ball 1-2: Ball 2-2: Ball 3-2: Fly out, F9 (Flyball, 9S)
|
Bottom of the 4th over - 0 run(s), 1 hit(s), 0 error(s), 1 left on base; Detroit 2 - Montgomery 0 |
TOP OF THE 5TH |
Detroit Dirty Snow batting - Pitching for Montgomery Grey Sox : LHP Raúl Coranillo
|
Batting: RHB Paul Liddle
|
0-0: Ball 1-0: Foul Ball, location: 2F 1-1: Ball 2-1: Ball 3-1: Base on Balls
|
Batting: RHB Carlos Rocha
|
0-0: Ball 1-0: Called Strike 1-1: Ball 2-1: Ground out 6-3 (Groundball, 6S) Paul Liddle to second
|
Batting: RHB Arturo Jiménez
|
0-0: Ball 1-0: Called Strike 1-1: Ball 2-1: Swinging Strike 2-2: Ball 3-2: Base on Balls
|
Pitching: RHP Brian Barker
|
|
Batting: RHB Charlie O'Farrell
|
0-0: Foul Ball, location: 2F 0-1: Called Strike 0-2: Ball 1-2: Ball 2-2: Foul Ball, location: 2F 2-2: SINGLE (Flyball, 9S) Paul Liddle to third Arturo Jiménez to second
|
Batting: SHB Alan Garland
|
0-0: Ball 1-0: Called Strike 1-1: Called Strike 1-2: Foul Ball, location: 2F 1-2: Ball 2-2: Fly out, F5 (Popup, 56S)
|
Batting: RHB Jorge López
|
0-0: Foul Ball, location: 2F 0-1: Called Strike 0-2: Fly out, F9 (Flyball, 9S)
|
Top of the 5th over - 0 run(s), 1 hit(s), 0 error(s), 3 left on base; Detroit 2 - Montgomery 0 |
BOTTOM OF THE 5TH |
Montgomery Grey Sox batting - Pitching for Detroit Dirty Snow : LHP Brian Gunther
|
Batting: RHB Bradley Burns
|
0-0: Called Strike 0-1: Called Strike 0-2: Foul Ball, location: 2F 0-2: Ball 1-2: Fly out, F9 (Flyball, 89S)
|
Batting: SHB Kenneth Cruz
|
0-0: Foul Ball, location: 2F 0-1: Ball 1-1: Foul Ball, location: 2F 1-2: Ground out 6-3 (Groundball, 6S)
|
Batting: RHB Luis Pineda
|
0-0: Fly out, F7 (Flyball, 78M)
|
Bottom of the 5th over - 0 run(s), 0 hit(s), 0 error(s), 0 left on base; Detroit 2 - Montgomery 0 |
TOP OF THE 6TH |
Detroit Dirty Snow batting - Pitching for Montgomery Grey Sox : RHP Brian Barker
|
Batting: RHB Phil Wright
|
0-0: Fly out, F7 (Flyball, 78XD)
|
Batting: RHB Kelsey Scott
|
0-0: Ball 1-0: Foul Ball, location: 2F 1-1: Foul Ball, location: 2F 1-2: Strikes out swinging
|
Batting: RHB Carlos Salas
|
0-0: Called Strike 0-1: Swinging Strike 0-2: Strikes out looking
|
Top of the 6th over - 0 run(s), 0 hit(s), 0 error(s), 0 left on base; Detroit 2 - Montgomery 0 |
BOTTOM OF THE 6TH |
Montgomery Grey Sox batting - Pitching for Detroit Dirty Snow : LHP Brian Gunther
|
Batting: RHB Reinaldo Amarante
|
0-0: Ball 1-0: Called Strike 1-1: Called Strike 1-2: Ball 2-2: Foul Ball, location: 2F 2-2: Ball 3-2: Base on Balls
|
Batting: RHB Dean Bailey
|
0-0: Foul Ball, location: 2F 0-1: Grounds into double play, 6-4-3 (Groundball, 6)
|
Batting: SHB Joe Pierce
|
0-0: Ball 1-0: Fly out, F9 (Flyball, 89S)
|
Bottom of the 6th over - 0 run(s), 0 hit(s), 0 error(s), 0 left on base; Detroit 2 - Montgomery 0 |
TOP OF THE 7TH |
Detroit Dirty Snow batting - Pitching for Montgomery Grey Sox : RHP Brian Barker
|
Batting: RHB Paul Liddle
|
0-0: Ball 1-0: SINGLE (Groundball, 56S) (infield hit)
|
Batting: RHB Carlos Rocha
|
0-0: DOUBLE (Groundball, 5L) Paul Liddle to third
|
Batting: RHB Arturo Jiménez
|
0-0: Called Strike 0-1: Ball 1-1: 3-RUN HOME RUN (Flyball, 78XD), Distance : 434 ft
|
Pitching: RHP Vicente Vásquez
|
|
Batting: RHB Charlie O'Farrell
|
0-0: Ball 1-0: Swinging Strike 1-1: Ball 2-1: Ground out 5-3 (Groundball, 56S)
|
Batting: SHB Alan Garland
|
0-0: Ball 1-0: SINGLE (Line Drive, 9LS)
|
Batting: RHB Jorge López
|
0-0: SINGLE (Groundball, 34D) Alan Garland to second Runner from 2nd tries for 3rd, SAFE, throw made to third
|
Batting: RHB Phil Wright
|
0-0: Ball 1-0: Swinging Strike 1-1: Foul Ball, location: 2F 1-2: Grounds into double play, 6-4-3 (Groundball, 6)
|
Top of the 7th over - 3 run(s), 5 hit(s), 0 error(s), 1 left on base; Detroit 5 - Montgomery 0 |
BOTTOM OF THE 7TH |
Montgomery Grey Sox batting - Pitching for Detroit Dirty Snow : LHP Brian Gunther
|
Batting: SHB Hoyt Norris
|
0-0: Ball 1-0: Swinging Strike 1-1: Foul Ball, location: 2F 1-2: Foul Ball, location: 2F 1-2: Strikes out looking
|
Pitching: RHP Paul McFadden
|
|
Batting: RHB Lawrence Davidson
|
0-0: SINGLE (Line Drive, 34)
|
Batting: LHB Amlak Saitoti
|
0-0: Ball 1-0: Ball 2-0: Called Strike 2-1: Ball 3-1: SINGLE (Flyball, 89S) Lawrence Davidson to second Runner from 2nd tries for 3rd, OUT!
|
Batting: RHB Bradley Burns
|
0-0: Ball 1-0: Called Strike 1-1: Foul Ball, location: 2F 1-2: Ball 2-2: Ball 3-2: Strikes out swinging
|
Bottom of the 7th over - 0 run(s), 2 hit(s), 0 error(s), 1 left on base; Detroit 5 - Montgomery 0 |
TOP OF THE 8TH |
Detroit Dirty Snow batting - Pitching for Montgomery Grey Sox : RHP Vicente Vásquez
|
Batting: RHB Kelsey Scott
|
0-0: Ball 1-0: Foul Ball, location: 2F 1-1: Called Strike 1-2: Ball 2-2: Foul Ball, location: 2F 2-2: Ball 3-2: Strikes out swinging
|
Batting: RHB Carlos Salas
|
0-0: Ball 1-0: DOUBLE (Flyball, 8LXD)
|
Batting: RHB Paul Liddle
|
0-0: Foul Ball, location: 2F 0-1: SINGLE (Groundball, 34D) Carlos Salas to third Runner from 3rd tries for Home, SAFE, no throw
|
Batting: RHB Carlos Rocha
|
0-0: Ball Paul Liddle steals 2nd base 1-0: Fly out, F3 (Line Drive, 3L)
|
Batting: RHB Arturo Jiménez
|
0-0: Called Strike 0-1: Swinging Strike 0-2: Strikes out looking
|
Top of the 8th over - 1 run(s), 2 hit(s), 0 error(s), 1 left on base; Detroit 6 - Montgomery 0 |
BOTTOM OF THE 8TH |
Montgomery Grey Sox batting - Pitching for Detroit Dirty Snow : RHP Paul McFadden
|
Batting: SHB Kenneth Cruz
|
0-0: Called Strike 0-1: Swinging Strike 0-2: Ball 1-2: Fly out, F8 (Line Drive, 8RD)
|
Batting: RHB Luis Pineda
|
0-0: Foul Ball, location: 2F 0-1: Ball 1-1: Ball 2-1: Ball 3-1: Base on Balls
|
Batting: RHB Reinaldo Amarante
|
0-0: Ball 1-0: Called Strike 1-1: Swinging Strike 1-2: Strikes out swinging
|
Batting: RHB Dean Bailey
|
0-0: Foul Ball, location: 2F 0-1: Ball 1-1: Ball 2-1: Foul Ball, location: 2F 2-2: Ball 3-2: Base on Balls Luis Pineda to second
|
Batting: SHB Joe Pierce
|
0-0: Ball 1-0: Ball 2-0: 3-RUN HOME RUN (Line Drive, 8LXD), Distance : 421 ft
|
Pitching: RHP Leonard Christensen
|
|
Batting: SHB Hoyt Norris
|
0-0: Ball 1-0: Ball 2-0: Called Strike 2-1: Ball 3-1: Ground out 4-3 (Groundball, 4)
|
Bottom of the 8th over - 3 run(s), 1 hit(s), 0 error(s), 0 left on base; Detroit 6 - Montgomery 3 |
TOP OF THE 9TH |
Detroit Dirty Snow batting - Pitching for Montgomery Grey Sox : RHP Vicente Vásquez
|
Pitching: RHP Ron Simmons
|
|
Batting: RHB Charlie O'Farrell
|
0-0: Called Strike 0-1: Called Strike 0-2: Strikes out swinging
|
Batting: SHB Alan Garland
|
0-0: Ball 1-0: Ground out 1-3 (Groundball, 13S)
|
Batting: RHB Jorge López
|
0-0: Swinging Strike 0-1: Fly out, F8 (Flyball, 8RM)
|
Top of the 9th over - 0 run(s), 0 hit(s), 0 error(s), 0 left on base; Detroit 6 - Montgomery 3 |
BOTTOM OF THE 9TH |
Montgomery Grey Sox batting - Pitching for Detroit Dirty Snow : RHP Leonard Christensen
|
Pitching: RHP Javier Moreno
|
|
Batting: RHB Lawrence Davidson
|
0-0: Called Strike 0-1: Fly out, F9 (Flyball, 9S)
|
Batting: LHB Amlak Saitoti
|
0-0: Ball 1-0: Ground out 1-3 (Groundball, 15S)
|
Batting: RHB Bradley Burns
|
0-0: Ball 1-0: Foul Ball, location: 2F 1-1: Foul Ball, location: 2F 1-2: Ball 2-2: Ball 3-2: Strikes out swinging
|
Bottom of the 9th over - 0 run(s), 0 hit(s), 0 error(s), 0 left on base; Detroit 6 - Montgomery 3 |
|